 Dungeon Crawl Stone Soup version 0.26.0-15-gc6cd9f700b (webtiles) character file.

Game seed: 10929370746641390493

2790 olmar the Slinger (level 10, -5/69 HPs)
             Began as a Halfling Hunter on Jan 16, 2021.
             Was a Priest of Okawaru.
             Killed from afar by a steam dragon (26 damage)
             ... with a ball of steam
             ... on level 7 of the Dungeon.
             The game lasted 00:14:23 (6510 turns).

olmar the Slinger (Halfling Hunter)                 Turns: 6510, Time: 00:14:23

Health: -5/69      AC:  8    Str: 16    XL:     10   Next: 2%
Magic:  10/10      EV: 13    Int:  9    God:    Okawaru [***...]
Gold:   321        SH:  8    Dex: 22    Spells: 9/9 levels left

rFire    . . .     SeeInvis .   a - +2 hunting sling
rCold    . . .     Faith    .   I - +0 kite shield
rNeg     . . .     Spirit   .   c - +0 leather armour
rPois    .         Reflect  .   (no helmet)
rElec    .         Harm     .   (no cloak)
rCorr    .         Rampage  .   j - +1 pair of gloves
Will     .....                  v - +2 pair of boots
Stlth    +++.......             (no amulet)
HPRegen  0.21/turn              m - ring of stealth
MPRegen  0.12/turn              J - +6 ring of dexterity

@: no status effects
A: small, mutation resistance 1
a: Renounce Religion, Heroism


You were on level 7 of the Dungeon.
You worshipped Okawaru.
Okawaru was most pleased with you.
You visited 2 branches of the dungeon, and saw 8 of its levels.

You collected 321 gold pieces.

Inventory:

Hand Weapons
 a - a +2 hunting sling (weapon)
 b - a +0 short sword
 H - a +2 whip of freezing
Missiles
 d - 46 sling bullets
 f - 150 stones (quivered ammo)
 w - a curare-tipped dart
 F - 3 datura-tipped darts
Armour
 c - a +0 leather armour (worn)
 j - a +1 pair of gloves (worn)
 r - a +0 chain mail
 v - a +2 pair of boots (worn)
 I - a +0 kite shield (worn)
Jewellery
 k - an uncursed ring of protection from fire
 m - a ring of stealth (left hand)
 J - a +6 ring of dexterity (right hand)
Wands
 x - a wand of flame (24)
 G - a wand of iceblast (5)
Scrolls
 e - 9 scrolls of identify
 i - 3 scrolls of remove curse
 n - a scroll of immolation
 p - a scroll of enchant weapon
 s - a scroll of enchant armour
 t - 4 scrolls of teleportation
 E - a scroll of fear
Potions
 g - a potion of attraction {unknown}
 l - a potion of lignification {unknown}
 o - a potion of heal wounds {unknown}
 q - 5 potions of curing {unknown}
 u - a potion of mutation {unknown}
 z - a potion of berserk rage {unknown}
 A - a potion of cancellation {unknown}
 B - a potion of haste {unknown}
 C - 3 potions of might {unknown}


   Skills:
 + Level 6.9 Fighting
 + Level 14.3 Slings
 + Level 3.2 Armour
 + Level 3.4 Dodging
 + Level 1.7 Stealth
 + Level 0.4 Shields
 - Level 0.5 Evocations


You had 9 spell levels left.
You didn't know any spells.
Your spell library contained the following spells:

 Spells                   Type           Power        Failure   Level
 Shock                    Conj/Air       0%           97%         1
 Swiftness                Air            0%           99%         2
 Static Discharge         Conj/Air       0%           100%        3
 Airstrike                Air            0%           100%        4
 Lightning Bolt           Conj/Air       0%           100%        5


Dungeon Overview and Level Annotations

Branches:
Dungeon (7/15)             Temple (1/1) D:4

Altars:
Cheibriados
Dithmenos
Elyvilon
Fedhas
Gozag
Hepliaklqana
Makhleb
Nemelex Xobeh
Okawaru
Qazlal
Ru
Sif Muna
Xom
Yredelemnul

Shops:
D:5 }


Innate Abilities, Weirdness & Mutations

You are small and have problems with some larger weapons.
You are somewhat resistant to further mutation.


Message History

Unknown command.
You shoot a stone. The stone hits the gnoll.
You kill the gnoll!
Okawaru accepts your kill.
You are engulfed in a cloud of scalding steam.
You block the steam dragon's attack. The steam dragon misses you.
Unknown command.
You shoot a stone.
The stone barely misses the steam dragon.
Unknown command.
You shoot a stone.
The stone hits the steam dragon but does no damage.
You are engulfed in a cloud of scalding steam.
The steam dragon bites you! The steam dragon claws you.
* * * LOW HITPOINT WARNING * * *
Unknown command.
You are too injured to fight recklessly!
The steam dragon breathes steam at you. The ball of steam hits you!!
You die...

.... ....... #..
....... #.##
.).(...
#..######.......
#..##..†.(.#
#.##......(...#
#......####(.#
#..###...#)..###
#.# ##.†@§....#
#.. ##.§(D§#....
#. #..§####...
.# #..## .. .#
#..## ## #...#
.....# ...##.#
...


You could see a steam dragon (catching breath).

Vanquished Creatures
  Pikel (D:5)
  A troll (D:6)
  Grinder (D:3)
  An ogre (D:6)
  A phantom (D:5)
  8 centaurs (D:6)
  2 bullfrogs
  A gnoll sergeant (D:7)
  3 scorpions
  A bullfrog zombie (D:6)
  2 jellies
  4 orc wizards
  5 hounds
  2 orc priests (D:5)
  An iguana (D:3)
  Ijyb (D:5)
  3 worker ants
  2 hound zombies
  4 gnolls
  10 adders
  An ooze (D:3)
  2 worms (D:3)
  3 dart slugs
  4 leopard geckos
  20 orcs
  A giant cockroach (D:6)
  4 hobgoblins
  8 jackals
  A quokka (D:3)
  A ball python (D:3)
  7 bats
  4 frilled lizards
  6 goblins
  7 kobolds
  A leopard gecko skeleton (D:4)
  11 rats
135 creatures vanquished.

Notes
Turn   | Place    | Note
-------+----------+-------------------------------------------
     0 | D:1      | olmar the Halfling Hunter began the quest for the Orb.
     0 | D:1      | Reached XP level 1. HP: 14/14 MP: 1/1
   179 | D:1      | Reached skill level 6 in Slings
   204 | D:1      | Reached XP level 2. HP: 16/19 MP: 2/2
   486 | D:1      | Reached XP level 3. HP: 24/24 MP: 3/3
   982 | D:2      | Reached skill level 7 in Slings
  1671 | D:3      | Reached XP level 4. HP: 29/29 MP: 4/4
  1948 | D:3      | Reached skill level 8 in Slings
  1951 | D:3      | Reached XP level 5. HP: 28/34 MP: 5/5
  2110 | D:3      | Reached skill level 1 in Armour
  2374 | D:3      | Noticed Grinder
  2390 | D:3      | Killed Grinder
  2391 | D:3      | Reached skill level 10 in Slings
  2391 | D:3      | Reached XP level 6. HP: 42/42 MP: 6/6
  2391 | D:3      | Reached XP level 7. HP: 46/46 MP: 7/7
  2796 | D:4      | Found a staircase to the Ecumenical Temple.
  2819 | Temple   | Entered the Ecumenical Temple
  2827 | Temple   | Became a worshipper of Warmaster Okawaru
  3030 | D:4      | Found a shadowy altar of Dithmenos.
  3340 | D:5      | Entered Level 5 of the Dungeon
  3699 | D:5      | Found Wiuckadgh's Gadget Boutique.
  3712 | D:5      | Reached skill level 11 in Slings
  3800 | D:5      | Reached * piety under Okawaru
  3801 | D:5      | Reached XP level 8. HP: 54/54 MP: 8/8
  3902 | D:5      | Noticed Ijyb
  3910 | D:5      | Killed Ijyb
  4188 | D:5      | Noticed Pikel
  4315 | D:5      | Killed Pikel
  4316 | D:5      | Reached skill level 12 in Slings
  4728 | D:6      | Reached skill level 5 in Fighting
  4731 | D:6      | Reached XP level 9. HP: 36/61 MP: 9/9
  4793 | D:6      | Reached skill level 13 in Slings
  4855 | D:6      | Reached ** piety under Okawaru
  5285 | D:6      | Noticed a troll
  5291 | D:6      | Killed a troll
  6160 | D:6      | Reached skill level 14 in Slings
  6246 | D:6      | Reached *** piety under Okawaru
  6500 | D:7      | Reached XP level 10. HP: 63/69 MP: 10/10
  6510 | D:7      | Killed from afar by a steam dragon

Illustrated notes

Levels and vault maps discovered:
D:1:      dpeg_arrival_renting, layout_basic, hangedman_abyss_or_decor_stabs
D:2:      layout_basic
D:3:      layout_rooms, serial_park_tiny_2, minmay_circle_x, uniq_grinder
D:4:      layout_rooms, minmay_temple_entry_slanted, lemuel_statue_altar
D:5:      layout_gridville, serial_shops, nicolae_shop_waterfront, uniq_ijyb,
          uniq_pikel
D:6:      layout_gridville, centaur_isle
D:7:      layout_layer_cave, bloody_trog, enter_ossuary_5
Temple:   dpeg_three_leaves_temple

Skill      XL: |  1  2  3  4  5  6  7  8  9 |
---------------+----------------------------+-----
Slings         | 6 7 8 10 11 12 14 | 14.3
Fighting       | 2 3 5 6 |  6.9
Armour         | 1 2 3 |  3.2
Dodging        | 3 |  3.4
Stealth        | |  1.7
Shields        | |  0.4
Evocations     | |  0.5

Action                   |  1- 3 |  4- 6 |  7- 9 | 10-12 || total
-------------------------+-------+-------+-------+-------++-------
 Fire: Hunting sling     |    89 |   110 |   420 |    10 ||   629
Throw: Dart              |       |       |     5 |       ||     5
Evoke: Wand              |       |       |    31 |       ||    31
  Use: Scroll            |       |       |    10 |       ||    10
Armor: Leather armour    |    10 |     8 |    23 |       ||    41
Dodge: Dodged            |    17 |    17 |    64 |     1 ||    99
Block: Kite shield       |       |       |    15 |     3 ||    18
